 Dungeon Crawl Stone Soup version 0.28.0-53-g5a82cb258f (webtiles) character file.

Game seed: 12302515599250742791

16 ChickenMitten the Chopper (level 2, 28/28 HPs)
             Began as a Deep Dwarf Berserker on Aug 6, 2022.
             Was a Follower of Trog.
             Got out of the dungeon alive.
             The game lasted 00:00:51 (622 turns).

ChickenMitten the Chopper (Deep Dwarf Berserker)     Turns: 622, Time: 00:00:52

Health: 28/28      AC:  2    Str: 20    XL:     2   Next: 37%
Magic:  2/2        EV: 12    Int:  7    God:    Trog [*.....]
Gold:   27         SH:  0    Dex: 12    Spells: 1/1 levels left

rFire   . . .      SeeInvis .   a - +0 hand axe
rCold   . . .      Faith    .   (no shield)
rNeg    . . .      Spirit   .   b - +0 animal skin
rPois   .          Reflect  .   (no helmet)
rElec   .          Harm     .   (no cloak)
rCorr   .          Rampage  .   (no gloves)
Will    .....                   (no boots)
Stlth   +.........              (no amulet)
HPRegen 0.00/turn               (no ring)
MPRegen 0.08/turn               (no ring)

@: no status effects
A: damage resistance, heal wounds, sense surroundings 1, no regeneration
a: Heal Wounds, Renounce Religion, Berserk


You escaped.
You worshipped Trog.
Trog was aware of your devotion.
You visited 1 branch of the dungeon, and saw 1 of its levels.

You collected 27 gold pieces.

Inventory:

Hand Weapons
 a - a +0 hand axe (weapon)
Armour
 b - a +0 animal skin (worn)
Scrolls
 c - a scroll of amnesia {unknown}
Potions
 d - 2 potions of heal wounds {unknown}
 e - a potion of ambrosia {unknown}


   Skills:
 * Level 3.0 Fighting
 * Level 3.7 Axes
 * Level 2.3 Armour
 - Level 2.1 Dodging


You had one spell level left.
You didn't know any spells.
Your spell library was empty.

Dungeon Overview and Level Annotations

Branches:
Dungeon (1/15)

Altars:


Innate Abilities, Weirdness & Mutations

You are resistant to damage.
You can heal yourself by infusing magical energy.
You passively map a small area around you.
You do not regenerate.


Message History

You open the door.
There is an open door here.
You open the door.
There is an open door here.
Found a club.
You see here a +0 club.
Key pressed, stopping explore.
A hobgoblin comes into view.
A hobgoblin is nearby!
A hobgoblin is nearby!
A hobgoblin is nearby!
The hobgoblin shouts!
The hobgoblin closely misses you.
You hit the hobgoblin.
The hobgoblin is severely wounded.
The hobgoblin closely misses you.
You hit the hobgoblin.
You kill the hobgoblin!
Trog accepts your kill.
No target in view!
No target in view!
No target in view!
No target in view!
No target in view!
No target in view!
No target in view!
No target in view!
No target in view!
No target in view!
No target in view!
No target in view!
No target in view!
No target in view!
No target in view!
No target in view!
No target in view!
As you open the door, it creaks loudly!
There is a staircase leading out of the dungeon here.
Are you sure you want to leave the Dungeon?
This will make you lose the game!
You have escaped!

# #..###.. ########## * ###.##
##. #........# #, #..## ##
##.######.##########.###.#.## ##.
##.##.............#*........###..
.#.##.###.#.##....# ##..........
......# #.#.##....# #..........
##.######.#.##....# #....†)....
#........#.##..@.# ###'######.
##########.##...># #.#######.
##..........#####'#######>#...##+
#...........# #......##>##.>.#..
...######...# #......#.###...#..
...# ###....# #......'#>.'...#..
...###......###################..
...+.......................'.....
...##.#....######.......####.....


There were no monsters in sight!

Vanquished Creatures
  2 ball pythons (D:1)
  A bat (D:1)
  An endoplasm (D:1)
  2 hobgoblins (D:1)
  3 kobolds (D:1)
  A quokka (D:1)
  3 frilled lizards (D:1)
  2 rats (D:1)
15 creatures vanquished.

Notes
Turn   | Place    | Note
-------+----------+-------------------------------------------
     0 | D:1      | ChickenMitten the Deep Dwarf Berserker began the quest for
                  | the Orb.
     0 | D:1      | Reached XP level 1. HP: 20/20 MP: 1/1
   115 | D:1      | Reached XP level 2. HP: 13/27 MP: 2/2
   622 | D:$      | Got out of the dungeon alive.

Illustrated notes

Levels and vault maps discovered:
D:1:      dpeg_arrival_connections, layout_loops_corners

Skill      XL: |  1  2 |
---------------+-------+-----
Fighting       | 3 |  3.0
Axes           | |  3.7
Armour         | |  2.3
Dodging        | |  2.1

Action                   || total
-------------------------++-------
Melee: Hand axe          ||    47
 Abil: Heal Wounds       ||     1
 Stab: Sleeping          ||     1
Armor: Animal skin       ||    11
Dodge: Dodged            ||    39
